woodfighter, chaotic female human Barbarian --- |<..--- |.....-- -..|.... -.|-..... --- ..[..... -.|....| -----..| ..| -.... |..... + ---... ------.---.. |... |..|-.........|..- |.@u............. ----.....{....--- ...........- -...().. -..--- woodfighter the Bandit Experience level: 6 Strength: 18 Dexterity: 16 Constitution: 19 Intelligence: 7 Wisdom: 9 Charisma: 7 Health: 0(78) Energy: 13(13) Def: 5 Gold: 634 Moves: 3518 Dungeon seed: DJA0RtBfwbao20Jc Game ID: woodfighter_1445690976 Your Inventory: Coins $ - 634 gold pieces Weapons a - a +0 battle-axe (weapon in hands) b - a greased +0 short sword (alternate weapon; not wielded) t - 3 +0 daggers v - 2 +0 elven daggers w - a +1 dagger Armor e - a blessed +0 ring mail (being worn) n - a blessed +1 orcish helm (being worn) z - a blessed +1 pair of iron shoes D - an uncursed +0 dwarvish cloak E - an uncursed +0 pair of iron shoes N - an uncursed +0 dwarvish cloak Q - a cursed -1 mummy wrapping T - an uncursed +0 dwarvish cloak U - a blessed +0 pair of iron shoes V - an uncursed +0 dwarvish cloak Y - an uncursed +0 pair of iron shoes Comestibles r - an uncursed sprig of wolfsbane Scrolls h - 5 uncursed scrolls of blank paper i - 2 uncursed scrolls of scare monster j - an uncursed scroll of food detection l - an uncursed scroll of create monster u - an uncursed scroll of charging I - an uncursed scroll of teleportation J - 2 uncursed scrolls of enchant weapon O - 2 uncursed scrolls of identify P - an uncursed scroll of magic mapping Spellbooks K - an uncursed spellbook of jumping Potions d - an uncursed potion of healing k - a cursed potion of see invisible o - an uncursed potion of see invisible p - an uncursed potion of water B - an uncursed potion of gain energy F - a potion of holy water R - a cursed potion of confusion Wands g - a blessed wand of slow monster (0:5) S - a wand of light (0:15) Tools A - a +0 pick-axe Gems q - an uncursed agate stone y - an uncursed worthless piece of red glass C - 2 uncursed worthless pieces of blue glass G - an uncursed worthless piece of white glass L - 2 uncursed flint stones M - an uncursed worthless piece of yellow glass Spells and supernatural/magical abilities: Name Level Category Fail Memory W - pray for help -- divine ? -- Your skills at the end: Miscellaneous Skills bare handed combat [Basic] Weapon Skills axe [Skilled] short sword [Basic] Spellcasting Skills Final Attributes: You were piously aligned. You were poison resistant. You are dead. Vanquished creatures: a dog a jaguar 7 Uruk-hai 2 gnome lords a gnomish wizard a kobold mummy a gray ooze a ghoul a straw golem a paper golem a little dog 6 dwarves a kobold lord 6 hill orcs 3 rothes 2 orc zombies a gas spore 3 hobbits 5 geckos 2 green molds 18 gnomes a garter snake 3 gnome zombies 4 jackals a fox 4 newts 4 goblins 2 grid bugs 4 lichens a kobold zombie 89 creatures vanquished. Voluntary challenges: You did not adorn yourself with jewelry or accessories. You were an atheist. You used a wielded weapon 100 times, starting on turn 1. You did not apply a unicorn horn. You were illiterate. You never genocided any monsters. You never polymorphed an object. You never changed form. You used no wishes. You never split a pudding. You never wrote Elbereth's name. You never violated your personal moral code. Dungeon overview: The Dungeons of Doom: levels 1 to 5 Level 1 a long staircase Level 2 a fountain Level 3 Level 4 a sink stairs to The Gnomish Mines Level 5 The Gnomish Mines: levels 5 to 7 Level 5 stairs to The Dungeons of Doom Level 6 Level 7 <- You were here a fountain History has recorded: On T:1 you entered the Dungeons of Doom to retrieve the Amulet of Yendor! On T:231 you advanced to experience level 2. On T:679 you reached level 2 of The Dungeons of Doom. On T:857 you reached level 3 of The Dungeons of Doom. On T:1354 you advanced to experience level 3. On T:1500 you reached level 4 of The Dungeons of Doom. On T:1615 you reached level 1 of The Gnomish Mines. On T:1880 you reached level 5 of The Dungeons of Doom. On T:1937 you advanced to experience level 4. On T:2130 you advanced to experience level 5. On T:2169 you reached level 2 of The Gnomish Mines. On T:2908 you advanced to experience level 6. On T:2964 you reached level 3 of The Gnomish Mines. Score breakdown: Gold: 634 ( 63 points) Experience: 6 levels ( 500 points) Exploration: 7 levels ( 180 points) Discoveries: 4 items ( 200 points) Variety of kills: 30 monsters ( 1500 points) Major goal: (nothing yet) ( 0 points) Survival: died (score multiplied by 3) Total score: 7329 Latest messages: You swing your battle-axe in a wide arc. You smite the gray unicorn! The gray unicorn butts! The gray unicorn kicks! The gray unicorn butts! The gray unicorn kicks! The gray unicorn just misses! The gray unicorn kicks! You die... Final status: Goodbye woodfighter the Barbarian, killed by a gray unicorn... You died in The Gnomish Mines on dungeon level 7 with 7329 points, and 634 pieces of gold, after 3518 moves. You were level 6 with a maximum of 78 hit points when you died.